 Dungeon Crawl Stone Soup version 0.29-a0-830-gcb1280458a (webtiles) character file.

Game seed: 8040226365649952871

114208 RBrandon the Transmogrifier (level 16, -8/130 HPs)
             Began as a Demonspawn Brigand on July 11, 2022.
             Was an Initiate of Yredelemnul.
             Killed by the air
             ... invoked by a wind drake
              (19 damage)
             ... on level 1 of the Shoals.
             The game lasted 01:51:45 (30181 turns).

RBrandon the Transmogrifier (Demonspawn Brigand)   Turns: 30181, Time: 01:51:45

Health: -8/130     AC: 18    Str: 17    XL:     16   Next: 15%
Magic:  0/25       EV: 16    Int: 13    God:    Yredelemnul [......]
Gold:   991        SH:  6    Dex: 20    Spells: 3/25 levels left

rFire   . . .      SeeInvis .   p - +2 short sword (elec)
rCold   . . .      Faith    .   (no shield)
rNeg    + . .      Spirit   +   y - +0 ring mail
rPois   .          Reflect  .   (helmet unavailable)
rElec   .          Harm     .   c - +2 cloak
rCorr   .          Rampage  .   Z - +2 pair of gloves {Dex+3}
Will    +++..                   n - +2 pair of boots
Stlth   ++........              J - amulet of regeneration
HPRegen 1.11/turn               C - +4 ring of protection
MPRegen 0.38/turn               X - ring "Saic" {rN+ Will+}

@: hasted, very quick
A: horns 3, large bone plates 2, powered by pain 1, magic shield, magic
regeneration, magic link, demonic willpower
a: Renounce Religion, Recall Undead Harvest


You were on level 1 of the Shoals.
You worshipped Yredelemnul.
Yredelemnul was pleased with you.
You visited 5 branches of the dungeon, and saw 26 of its levels.

You collected 2895 gold pieces.
You spent 1904 gold pieces at shops.

Inventory:

Hand Weapons
 p - a +2 short sword of electrocution (weapon)
   (You took it off a kobold on level 4 of the Dungeon)
Missiles
 d - 44 poisoned darts (quivered)
 e - 4 curare-tipped darts
 j - 5 atropa-tipped darts
 q - a throwing net
 z - 6 javelins
 T - 10 silver javelins
Armour
 c - a +2 cloak (worn)
 n - a +2 pair of boots (worn)
 u - a +0 chain mail
 y - a +0 ring mail (worn)
 H - an orb of mayhem
   (You found it on level 6 of the Dungeon)
 Y - the +2 scale mail of Ycwoev {rN+ rCorr Str-3 Int+8}
   (You found it on level 4 of the Lair of Beasts)

   Str:       It affects your strength (-3).
   Int:       It affects your intelligence (+8).
   rN:        It protects you from negative energy.
   rCorr:     It protects you from acid and corrosion.
 Z - a +2 pair of gloves of dexterity (worn)
   (You bought it in a shop on level 13 of the Dungeon)
Jewellery
 s - a ring of poison resistance
 v - an amulet of reflection
 C - a +4 ring of protection (left hand)
 F - the ring "Ciacwo Qyth" {Fly SInv}
   (You found it on level 6 of the Dungeon)

   [ring of see invisible]

   SInv:      It lets you see invisible.
   Fly:       It grants you flight.
 J - an amulet of regeneration (around neck)
 P - an amulet of magic regeneration
 X - the ring "Saic" (right hand) {rN+ Will+}
   (You found it on level 5 of the Lair of Beasts)

   [ring of positive energy]

   rN:        It protects you from negative energy.
   Will:      It increases your willpower.
Wands
 f - a wand of mindburst (13)
 k - a wand of flame (57)
 m - a wand of polymorph (16)
 D - a wand of iceblast (10)
 L - a wand of charming (7)
 Q - a wand of digging (17)
 U - a wand of acid (17)
Scrolls
 b - 4 scrolls of identify
 g - 2 scrolls of fog
 h - 10 scrolls of magic mapping
 i - 3 scrolls of silence
 l - 7 scrolls of vulnerability
 o - 4 scrolls of torment
 w - a scroll of enchant weapon
 A - 11 scrolls of teleportation
 B - 2 scrolls of poison
 E - 7 scrolls of immolation
 I - 2 scrolls of noise
 K - 5 scrolls of enchant armour
Potions
 a - 4 potions of resistance
 r - 10 potions of curing
 t - 4 potions of brilliance
 G - 4 potions of flight
 M - 2 potions of lignification
 O - a potion of cancellation
 R - a potion of ambrosia
 S - 2 potions of haste
 V - a potion of might


   Skills:
 - Level 13.1 Fighting
 - Level 9.1 Short Blades
 - Level 3.8 Throwing
 - Level 9.0 Dodging
 - Level 3.6 Stealth
 - Level 9.1 Unarmed Combat
 - Level 5.2 Spellcasting
 - Level 7.0 Conjurations
 - Level 13.7 Transmutations
 - Level 2.3 Air Magic
 - Level 10.2 Earth Magic
 + Level 12.4 Invocations


You had 3 spell levels left.
You knew the following spells:

 Your Spells              Type           Power      Damage    Failure   Level
a - Static Discharge      Conj/Air       15%        3-5/arc   8%          2
b - Statue Form           Tmut/Erth      22%        N/A       36%         6
c - Blade Hands           Tmut           19%        N/A       3%          5
d - Irradiate             Conj/Tmut      15%        3d16      13%         5
e - Petrify               Tmut/Erth      34%        N/A       2%          4

Your spell library contained the following spells:

 Spells                   Type           Power      Damage    Failure   Level
 Summon Small Mammal      Summ           12%        N/A       34%         1
 Sublimation of Blood     Necr           3%         N/A       45%         2
 Call Canine Familiar     Summ           3%         N/A       71%         3
 Confusing Touch          Hex            3%         N/A       71%         3
 Gell's Gravitas          Tloc           3%         N/A       71%         3
 Lesser Beckoning         Tloc           3%         N/A       71%         3
 Summon Guardian Golem    Hex/Summ       3%         N/A       71%         3
 Teleport Other           Tloc           3%         N/A       71%         3
 Lee's Rapid Deconstruct  Erth           15%        3d11*     14%         5
 Animate Armour           Summ/Erth      32%        N/A       38%         4
 Iskenderun's Battlesphe  Conj           21%        2d7       47%         5
 Alistair's Intoxication  Tmut/Pois      14%        N/A       50%         5
 Yara's Violent Unravell  Hex/Tmut       10%        3d6       50%         5
 Fulminant Prism          Conj/Hex       6%         3d7       63%         4
 Iskenderun's Mystic Bla  Conj/Tloc      12%        2d5       63%         4
 Borgnjor's Vile Clutch   Necr/Erth      8%         N/A       75%         5
 Iron Shot                Conj/Erth      12%        9d3       83%         6
 Eringya's Noxious Bog    Tmut/Pois      10%        N/A       97%         6
 Anguish                  Hex/Necr       1%         N/A       98%         4
 Passage of Golubria      Tloc           3%         N/A       98%         4
 Silence                  Hex/Air        3%         N/A       99%         5
 Metabolic Englaciation   Hex/Ice        1%         N/A       100%        5
 Dispersal                Tloc           1%         N/A       100%        6
 Enfeeble                 Hex            1%         N/A       100%        7
 Spellforged Servitor     Conj/Summ      6%         N/A       100%        7
 Lehudib's Crystal Spear  Conj/Erth      12%        10d4      100%        8
 Maxwell's Capacitive Co  Air            4%         ∞         100%        8


Dungeon Overview and Level Annotations

Branches:
Dungeon (15/15)            Temple (1/1) D:4            Lair (6/6) D:11
 Shoals (2/4) Lair:3       Spider (0/4) Lair:3        Slime (0/5) Lair:6
    Orc (2/2) D:9             Elf (0/3) Orc:2        Vaults (0/5) D:13
 Depths (0/4) D:15

Altars:
Ashenzari
Cheibriados
Fedhas
Gozag
Hepliaklqana
Nemelex Xobeh
Okawaru
Qazlal
Ru
Sif Muna
Trog
Vehumet
Xom
Yredelemnul

Shops:
D:9 (   D:13 *:*!   Orc:2 *?*=

Portals:
Trove: D:12 (give horn of Geryon)

Annotations:
D:4 1 exclusion
D:12 2 transporters
D:13 Lodul
D:15 3 runed translucent doors, Egithrirag's ghost, journeyman HOFi
Lair:4 exclusion: hydra
Orc:2 1 runed translucent door, GraveyardiganJr's ghost, journeyman GnTm
Abyss:1 Eustachio


Innate Abilities, Weirdness & Mutations

You have a pair of large horns on your head.
You are mostly covered in large bone plates. (SH +6)
You sometimes gain a little power by taking damage.
When hurt, damage is shared between your health and your magic reserves.
You regenerate magic rapidly.
When low on magic, you restore magic in place of health.
You punish those that try to bend your will. (Will+)


Message History

Aiming: Iceblast
Press: ? - help, Shift-Dir - straight line, f - merfolk impaler
Aim: a merfolk impaler, wielding a +1 trident of freezing and wearing a +0 robe (purple smoke)
Okay, then.
That's the wrong kind of item! (Use * to select it.) Evoke which item? (* to show all) (? for menu, Esc to quit)
That's the wrong kind of item! (Use * to select it.) Evoke which item? (* to show all) (? for menu, Esc to quit)
Okay, then.
Unknown command.
Okay, then.
You feel better.
Your hands revert to their normal proportions.
Your +2 short sword of electrocution unmelds from your body.
Your +2 pair of gloves of dexterity unmelds from your body.
You hear the crackle of electricity.
You feel agile.
You carefully extract the barbed spikes from your body.
The merfolk impaler barely misses you. The merfolk impaler misses you.
Aiming: Iceblast
Press: ? - help, Shift-Dir - straight line, f - merfolk impaler
Aim: a merfolk impaler, wielding a +6 trident of protection and wearing a +0 leather armour The mass of ice explodes!
The iceblast engulfs the merfolk impaler!
The merfolk impaler is lightly wounded.
The iceblast engulfs the merfolk impaler!
The merfolk impaler is lightly wounded.
The iceblast engulfs the wind drake!!
The wind drake is moderately wounded.
The merfolk impaler hits you from afar with a +1 trident of freezing.
* * * LOW HITPOINT WARNING * * *
The merfolk impaler freezes you.
* * * LOW HITPOINT WARNING * * *
The merfolk impaler hits you from afar with a +6 trident of protection!
* * * LOW HITPOINT WARNING * * *
You feel better. The wind drake flaps its wings at you.
The air twists around and strikes you!!
You die...
Your body rises from the dead as a mindless zombie.

.# #..## ...###≈≈≈≈≈≈≈≈≈≈≈≈≈ ##
#..# ##.≈≈≈≈≈≈≈≈≈≈≈≈≈≈≈≈≈≈ #
#..###.≈≈≈.≈≈≈≈≈≈≈m≈≈≈≈≈≈≈ #
#......≈≈≈≈....≈≈≈≈≈≈≈≈≈≈≈ ##
#.....≈≈≈≈≈.##..≈.m.≈≈≈≈≈≈
.######.....≈§§§.###.....≈≈≈≈≈≈
....##.......§.§§###..###≈≈≈≈≈≈
.............§§§§§m§#####≈≈≈≈≈≈
.>.#####..≈...≈§@§m§# ...≈≈≈≈≈≈
###### #.≈≈≈≈§§§§§k.##≈≈.≈≈≈≈≈≈ #
#.####≈≈≈≈≈§.§..##.≈.....≈k≈
####..###.(≈≈≈§......≈≈....≈P≈≈
.##...≈.....≈≈..##...≈≈≈....≈≈
.#......≈..≈≈..#####..≈≈.##..≈
..##..≈.≈≈≈≈...#####....##...P≈
.....≈≈≈≈≈≈.....[..#.....≈P≈PP≈PP
......≈≈≈≈≈............≈.≈..≈≈P≈≈


You could see 2 merfolk impalers and a wind drake (repels missiles).

Vanquished Creatures
  Jorgrun (D:15)
  An orc warlord (Orc:2)
  A minotaur (Lair:3)
  Josephine (D:14)
  Snorg (Lair:3)
  Fannar (D:10)
  An ice dragon (D:15)
  4 hydras
  7 centaur warriors
  4 two-headed ogres
  6 boulder beetles
  A catoblepas (Lair:4)
  A merfolk avatar (Shoals:1)
  8 death yaks
  An orc high priest (D:14)
  Urug (Lair:1)
  A deep elf knight (D:12)
  3 skeletal warriors
  A sea snake (Shoals:1)
  A deep troll (Lair:2)
  4 orc knights
  2 harpies (D:14)
  3 deep elf pyromancers
  A deep elf zephyrmancer (D:13)
  3 manticores
  12 ugly things
  A mana viper (Orc:2)
  3 cyclopes
  A faun (Shoals:1)
  A salamander (shapeshifter) (D:15)
  2 orc sorcerers
  Joseph (D:7)
  3 black mambas
  An elephant (Lair:6)
  2 gargoyles (D:12)
  A torpor snail (Lair:6)
  3 centaur skeletons (D:13)
  11 cane toads
  4 efreet
  A kobold demonologist (D:9)
  An unseen horror (D:10)
  2 rime drakes (Lair:1)
  2 yaktaurs (D:15)
  6 komodo dragons
  2 merfolk
  7 trolls
  2 polar bears
  5 blink frogs
  A wind drake (Shoals:2)
  A hornet (D:9)
  A snapping turtle (Shoals:2)
  4 slime creatures
  2 culicivoras (Lair:3)
  2 shadows
  3 vampires
  5 spriggans (Lair:1)
  2 jumping spiders (Lair:3)
  4 wyverns
  6 wraiths
  22 yaks
  6 basilisks
  Grum (Lair:1)
  4 steam dragons
  A redback (Lair:3)
  3 vampire mosquitoes
  3 wargs (Orc:2)
  3 acid dragons
  11 water moccasins
  The ghost of croobank the Sneak, an amateur FeDe (D:4)
  17 orc warriors
  A black bear (shapeshifter) (D:13)
  2 black bears
  7 ogres
  23 wolves
  3 boggarts (D:14)
  17 centaurs
  4 kobold brigands
  A necrophage (D:6)
  9 bullfrogs
  A gnoll sergeant (D:12)
  A scorpion (D:11)
  5 wights
  7 killer bees
  3 electric eels (Lair:3)
  4 howler monkeys
  2 hounds
  10 jellies
  11 orc priests
  A gnoll bouda (D:9)
  4 iguanas
  Terence (D:2)
  12 orc wizards
  Robin (D:3)
  13 adders
  6 gnolls (D:9)
  2 white imps
  3 worms
  5 dart slugs
  50 orcs
  4 endoplasms
  5 giant cockroaches
  14 hobgoblins
  2 jackals (D:4)
  15 kobolds
  3 quokkas
  7 ball pythons
  6 bats
  21 goblins
  5 rats
527 creatures vanquished.

Vanquished Creatures (collateral kills)
  An orc warlord (Orc:2)
  The ghost of coolguy69 the Slicer, a journeyman VSBe of Trog (Lair:5)
  A fire dragon (Lair:6)
  2 hydras
  An ice dragon (D:15)
  A boulder beetle (Lair:6)
  4 centaur warriors
  2 two-headed ogres (D:11)
  3 orc high priests (Orc:2)
  3 death yaks (Lair:6)
  A skeletal warrior (D:15)
  A sea snake (Shoals:1)
  A swamp dragon (Lair:6)
  A steelbarb worm (D:14)
  2 orc knights (Orc:2)
  A manticore (D:11)
  5 ugly things
  A cyclops (D:12)
  3 orc sorcerers (Orc:2)
  A water nymph (Shoals:1)
  2 black mambas (Lair:3)
  2 elephants (Lair:6)
  A torpor snail (Lair:5)
  A water nymph (shapeshifter) (D:14)
  2 cane toads
  A yaktaur (D:14)
  A kobold demonologist (D:12)
  2 rime drakes (Lair:6)
  5 komodo dragons
  A yaktaur (shapeshifter) (D:14)
  5 trolls
  A merfolk (Shoals:2)
  2 polar bears
  Prince Ribbit (D:6)
  A slime creature (D:14)
  A wind drake (Shoals:1)
  6 blink frogs
  2 jumping spiders (Lair:3)
  2 shadows
  A vampire (D:12)
  2 spriggans (Lair:1)
  22 yaks
  3 basilisks
  A steam dragon (Lair:6)
  A warg (Orc:2)
  6 water moccasins
  A swamp drake (Lair:6)
  12 orc warriors
  A black bear (D:11)
  2 boggarts (D:14)
  3 ogres
  6 wolves
  5 centaurs
  A bullfrog (Lair:1)
  3 wights
  3 killer bees
  2 yak zombies (D:8)
  3 jellies (Lair:6)
  A centaur zombie (D:8)
  A gnoll bouda (D:9)
  6 orc priests
  3 iguanas
  7 orc wizards
  2 gnolls (D:9)
  A dart slug (D:4)
  29 orcs
  2 endoplasms (Lair:6)
  5 kobolds (D:7)
  2 orc zombies
  A plant (Lair:6)
213 creatures vanquished.

Vanquished Creatures (others)
  An unseen horror zombie (D:10)
  A death yak zombie (Lair:5)
  A spectral yaktaur (D:15)
  A harpy zombie (D:14)
  2 slime creatures (D:14)
  An ugly thing zombie (D:13)
  A centaur simulacrum (D:14)
  2 wind drake zombies
  A water nymph zombie (D:14)
  A two-headed ogre zombie (D:11)
  A spectral efreet (D:14)
  2 orc warriors
  A snapping turtle zombie (Shoals:2)
  An elf zombie (D:13)
  4 water moccasin zombies
  2 troll zombies
  3 yak zombies
  6 centaur zombies
  4 wolf zombies
  2 bullfrog zombies
  2 basilisk zombies
  An orc priest (D:7)
  3 boggart zombies (D:14)
  A scorpion zombie (D:11)
  3 killer bee zombies
  An acid dragon zombie (D:9)
  4 ogre zombies
  A hound zombie (D:6)
  A howler monkey zombie (D:13)
  A steam dragon zombie (Lair:6)
  2 iguana zombies
  38 orc zombies
  An adder zombie (D:4)
  2 orcs
  5 gnoll zombies (D:9)
  2 dart slug zombies (D:4)
  A goblin zombie (D:4)
  2 hobgoblin zombies (D:4)
  A jackal zombie (D:4)
  A kobold (D:4)
  3 kobold zombies
  A quokka zombie (D:4)
  82 fungi
  137 plants
334 creatures vanquished.

Grand Total: 1074 creatures vanquished

Notes
Turn   | Place    | Note
-------+----------+-------------------------------------------
     0 | D:1      | RBrandon the Demonspawn Brigand began the quest for the
                  | Orb.
     0 | D:1      | Reached XP level 1. HP: 16/16 MP: 1/1
   261 | D:1      | Gained mutation: You have a pair of small horns on your
                  | head. [demonic ancestry]
   261 | D:1      | Reached XP level 2. HP: 11/22 MP: 2/2
   616 | D:1      | Got Ponugeph's Compilation of the Spellbinding Storm
   914 | D:2      | Noticed Terence
   922 | D:2      | Killed Terence
   923 | D:2      | Gained mutation: You regenerate magic rapidly. [demonic
                  | ancestry]
   923 | D:2      | Reached XP level 3. HP: 22/27 MP: 3/3
  1101 | D:2      | Reached skill level 1 in Dodging
  1127 | D:2      | Gained mutation: You are partially covered in large bone
                  | plates. (SH +4) [demonic ancestry]
  1127 | D:2      | Reached XP level 4. HP: 21/33 MP: 4/4
  1256 | D:2      | Learned a level 2 spell: Static Discharge
  1475 | D:2      | Reached skill level 1 in Conjurations
  1781 | D:2      | Reached skill level 1 in Air Magic
  1807 | D:2      | Found a faded altar of an unknown god.
  1807 | D:2      | Noticed an eye of devastation
  1809 | D:2      | Noticed an eye of devastation
  1810 | D:2      | Noticed a shining eye
  1810 | D:2      | Noticed a floating eye
  2335 | D:3      | Gained mutation: When hurt, damage is shared between your
                  | health and your magic reserves. [demonic ancestry]
  2335 | D:3      | Reached XP level 5. HP: 26/38 MP: 1/5
  2608 | D:3      | Found a bloodstained altar of Trog.
  2630 | D:3      | Reached skill level 1 in Spellcasting
  2897 | D:3      | Noticed Robin
  2954 | D:3      | Killed Robin
  3411 | D:4      | Found a staircase to the Ecumenical Temple.
  3445 | D:4      | Reached XP level 6. HP: 35/44 MP: 1/9
  3453 | Temple   | Entered the Ecumenical Temple
  3527 | Temple   | Became a worshipper of Yredelemnul the Dark
  3628 | D:4      | Found an iron altar of Okawaru.
  3690 | D:4      | Reached * piety under Yredelemnul
  3728 | D:4      | Noticed a two-headed ogre
  3754 | D:4      | Killed a two-headed ogre
  3755 | D:4      | Reached skill level 5 in Dodging
  3755 | D:4      | Reached XP level 7. HP: 50/50 MP: 10/10
  3788 | D:4      | Found a runed translucent gate.
  3788 | D:4      | Found a runed translucent gate.
  3789 | D:4      | Found a runed translucent gate.
  3789 | D:4      | Noticed croobank's ghost (amateur FeDe)
  4367 | D:4      | Gained mutation: You have a pair of horns on your head.
                  | [potion of mutation]
  4413 | D:4      | Killed croobank's ghost
  4414 | D:4      | Gained mutation: You sometimes gain a little power by
                  | taking damage. [demonic ancestry]
  4414 | D:4      | Reached XP level 8. HP: 39/56 MP: 4/11
  4592 | D:5      | Entered Level 5 of the Dungeon
  4883 | D:5      | Reached skill level 1 in Invocations
  4968 | D:5      | You fall into a shaft and drop 1 floor!
  4982 | D:6      | Found an opulent altar of Gozag.
  5097 | D:6      | Found a shimmering altar of Xom.
  5098 | D:6      | Found a shimmering altar of Xom.
  5099 | D:6      | Found a shimmering altar of Xom.
  5099 | D:6      | Found a shimmering altar of Xom.
  5101 | D:6      | Found a shimmering altar of Xom.
  5110 | D:6      | Found a shimmering altar of Xom.
  5152 | D:6      | Noticed Prince Ribbit
  5169 | D:6      | Killed Prince Ribbit
  5170 | D:6      | Reached skill level 5 in Invocations
  5171 | D:6      | Identified the ring "Ciacwo Qyth" {Fly SInv}
  5554 | D:6      | Reached XP level 9. HP: 50/61 MP: 14/14
  5689 | D:6      | Noticed Eustachio
  5699 | D:6      | Banished Eustachio
  6211 | D:7      | Found a broken altar of Ashenzari.
  6731 | D:7      | Noticed Joseph
  6849 | D:7      | Killed Joseph
  7021 | D:7      | Found a sacrificial altar of Ru.
  7028 | D:7      | Reached skill level 5 in Short Blades
  7150 | D:7      | Found a shimmering blue altar of Sif Muna.
  7307 | D:8      | Mutation became permanent: You have a pair of small horns
                  | on your head. [demonic ancestry]
  7307 | D:8      | Gained mutation: You have a pair of horns on your head.
                  | [demonic ancestry]
  7307 | D:8      | Reached XP level 10. HP: 71/71 MP: 17/17
  7312 | D:8      | Reached ** piety under Yredelemnul
  8445 | D:9      | Found Quetakk's Weapon Boutique.
  8455 | D:9      | Found a staircase to the Orcish Mines.
  8732 | D:8      | Learned a level 3 spell: Confusing Touch
  8939 | D:9      | Reached skill level 5 in Fighting
  9039 | D:9      | Noticed a smoke demon
  9543 | D:9      | Found a radiant altar of Vehumet.
  9548 | D:9      | Found a stormy altar of Qazlal.
  9628 | D:9      | Found a blossoming altar of Fedhas.
  9933 | D:10     | Entered Level 10 of the Dungeon
 10098 | D:10     | Gained mutation: You have a pair of large horns on your
                  | head. [demonic ancestry]
 10098 | D:10     | Reached XP level 11. HP: 56/81 MP: 18/18
 10340 | D:10     | Noticed a two-headed ogre
 10340 | D:10     | Noticed Fannar
 10374 | D:10     | Killed Fannar
 10379 | D:10     | Killed a two-headed ogre
 10682 | D:11     | Noticed a two-headed ogre
 10728 | D:11     | Reached skill level 1 in Transmutations
 10821 | D:11     | Found a staircase to the Lair.
 10880 | D:11     | Killed a two-headed ogre
 10881 | D:11     | Reached skill level 5 in Transmutations
 11460 | D:11     | Noticed a two-headed ogre
 11468 | D:11     | Killed a two-headed ogre
 11477 | D:11     | Noticed a two-headed ogre
 11479 | D:11     | Killed a two-headed ogre
 11835 | Lair:1   | Entered Level 1 of the Lair of Beasts
 11958 | Lair:1   | Noticed Grum
 11966 | Lair:1   | Killed Grum
 11969 | Lair:1   | Reached skill level 10 in Transmutations
 12041 | Lair:1   | Learned a level 5 spell: Blade Hands
 12314 | Lair:1   | Gained mutation: When low on magic, you restore magic in
                  | place of health. [demonic ancestry]
 12314 | Lair:1   | Reached XP level 12. HP: 42/89 MP: 9/19
 12586 | Lair:1   | Reached *** piety under Yredelemnul
 12767 | Lair:1   | Reached skill level 1 in Unarmed Combat
 12770 | Lair:1   | Reached **** piety under Yredelemnul
 12781 | Lair:1   | Noticed Urug
 12789 | Lair:1   | Killed Urug
 12959 | Lair:1   | Reached ***** piety under Yredelemnul
 13469 | Lair:2   | Noticed a five-headed hydra
 13477 | Lair:2   | Killed a five-headed hydra
 13609 | Lair:2   | Reached skill level 5 in Unarmed Combat
 14439 | Lair:3   | Noticed Snorg
 14454 | Lair:3   | Killed Snorg
 14626 | Lair:3   | Found a runed translucent door.
 14668 | Lair:3   | Noticed a minotaur
 14678 | Lair:3   | Killed a minotaur
 15540 | Lair:3   | Reached ****** piety under Yredelemnul
 15610 | Lair:3   | Gained mutation: You are mostly covered in large bone
                  | plates. (SH +6) [demonic ancestry]
 15610 | Lair:3   | Reached XP level 13. HP: 82/95 MP: 15/20
 15617 | Lair:3   | Found a hole to the Spider Nest.
 15938 | Lair:3   | Found a staircase to the Shoals.
 16214 | Lair:4   | Identified the +2 scale mail of Ycwoev {rN+ rCorr Str-3
                  | Int+8}
 16598 | Lair:4   | Reached skill level 10 in Invocations
 17139 | Lair:5   | Identified the ring "Saic" {rN+ Will+}
 18452 | Lair:5   | Found a runed translucent door.
 18455 | Lair:5   | Noticed coolguy69's ghost (journeyman VSBe)
 18481 | Lair:5   | Killed coolguy69's ghost
 19197 | Lair:6   | Entered Level 6 of the Lair of Beasts
 19234 | Lair:6   | Reached skill level 10 in Fighting
 19472 | Lair:6   | Gained mutation: You punish those that try to bend your
                  | will. (Will+) [demonic ancestry]
 19472 | Lair:6   | Reached XP level 14. HP: 82/113 MP: 4/22
 19975 | Lair:6   | Found a staircase to the Slime Pits.
 20655 | Orc:1    | Entered Level 1 of the Orcish Mines
 20664 | D:9      | Learned a level 5 spell: Irradiate
 20913 | Orc:2    | Entered Level 2 of the Orcish Mines
 21461 | Orc:2    | Found a staircase to the Elven Halls.
 21502 | Orc:2    | Reached skill level 5 in Conjurations
 21554 | Orc:2    | Found Booph's General Store.
 21554 | Orc:2    | Found Qihoxkur's Jewellery Boutique.
 21556 | Orc:2    | Found Huseathrunwe's Magic Scroll Shoppe.
 21556 | Orc:2    | Found Yhuro's Assorted Antiques.
 21565 | Orc:2    | Bought 2 scrolls of enchant armour for 210 gold pieces
 21567 | Orc:2    | Bought a scroll of enchant armour for 82 gold pieces
 21567 | Orc:2    | Bought a scroll of amnesia for 44 gold pieces
 21567 | Orc:2    | Bought a scroll of fear for 44 gold pieces
 21570 | Orc:2    | Bought an amulet of regeneration for 420 gold pieces
 21575 | Orc:2    | Bought a scroll of magic mapping for 82 gold pieces
 21577 | Orc:2    | Bought a scroll of teleportation for 42 gold pieces
 21611 | Orc:2    | Noticed an orc warlord
 21621 | Orc:2    | Killed an orc warlord
 22094 | Orc:2    | Found a runed translucent door.
 22096 | Orc:2    | Noticed GraveyardiganJr's ghost (journeyman GnTm)
 22122 | Orc:2    | Noticed an orc warlord
 22546 | Orc:2    | Killed an orc warlord
 23314 | D:12     | Reached skill level 5 in Spellcasting
 23320 | D:12     | Learned a level 4 spell: Petrify
 23864 | D:12     | Reached skill level 1 in Earth Magic
 23949 | D:12     | Found a portal to a secret trove of treasure.
 24268 | D:12     | Found a transporter.
 24434 | D:12     | Reached XP level 15. HP: 99/123 MP: 18/23
 24550 | D:12     | Found a transporter.
 24669 | D:12     | Reached skill level 5 in Earth Magic
 25067 | D:13     | Found Nemej's Assorted Antiques.
 25071 | D:13     | Bought a potion of haste for 300 gold pieces
 25236 | D:13     | Noticed Lodul
 25699 | D:13     | Found Yhuvogoc's Book Shoppe.
 26219 | D:13     | Found a gate to the Vaults.
 26262 | D:13     | Found Xyxioxita's Distillery.
 26269 | D:13     | Bought a potion of cancellation for 120 gold pieces
 26316 | D:13     | Found Niewk's Assorted Antiques.
 26322 | D:13     | Bought a potion of haste for 320 gold pieces
 26322 | D:13     | Bought a pair of embroidered gloves for 240 gold pieces
 26754 | D:14     | Noticed Josephine
 26817 | D:14     | Found a snail-covered altar of Cheibriados.
 26996 | D:14     | Killed Josephine
 27827 | D:14     | Reached skill level 10 in Earth Magic
 27937 | D:14     | Identified the +0 chain mail "Kauseg" {rC+ rN++}
 28095 | D:15     | Entered Level 15 of the Dungeon
 28099 | D:15     | Noticed Jorgrun
 28207 | D:14     | Learned a level 6 spell: Statue Form
 28290 | D:15     | Killed Jorgrun
 29069 | D:15     | Found a staircase to the Depths.
 29184 | D:15     | Reached XP level 16. HP: 126/130 MP: 19/24
 29288 | D:15     | Found a runed translucent gate.
 29288 | D:15     | Found a runed translucent gate.
 29288 | D:15     | Found a runed translucent gate.
 29301 | D:15     | Noticed Egithrirag's ghost (journeyman HOFi)
 29304 | D:15     | Found an iron altar of Okawaru.
 29923 | Shoals:1 | Entered Level 1 of the Shoals
 30101 | Shoals:1 | You fall into a shaft and drop 1 floor!
 30165 | Shoals:1 | HP: 4/130 [manticore/volley of spikes (6)]
 30180 | Shoals:1 | HP: 1/130 [merfolk impaler/+6 trident of protection (11)]
 30181 | Shoals:1 | Killed from afar by a wind drake

Illustrated notes

Levels and vault maps discovered:
D:1:      minmay_arrival_cross, layout_basic, minmay_tromino_v4_b
D:2:      layout_basic, hellmonk_ecumenical_altar_watching_god, uniq_terence
D:3:      layout_rooms, mainiacjoe_overflow_alcove_2, uniq_robin
D:4:      kennysheep_big_flooded_room, layout_loops_ring,
          kennysheep_okawaru_gauntlet, minmay_temple_entry_wispy,
          gammafunk_ghost_nasty_kobolds
D:5:      layout_basic, kennysheep_generic_room_14
D:6:      layout_basic, xom_redecorated, marbit_many_paths, amethyst_killhole,
          uniq_prince_ribbit1, uniq_eustachio
D:7:      layout_loops_ring, mainiacjoe_overflow_24_doors, led_sif_pool,
          mainiacjoe_overflow_cross_hatched, chequers_serial_rivers_micro_a,
          minmay_manual_mares, uniq_joseph
D:8:      layout_rooms
D:9:      layout_irregular_city, mainiacjoe_overflow_big_doors,
          mainiacjoe_overflow_alcove_1, david_orc_5, serial_shops,
          nicolae_shop_trees
D:10:     layout_basic, minivault_21, uniq_fannar
D:11:     layout_rooms, due_lair_maze_entry_diamond
D:12:     minmay_four_partial_circles, layout_gridville,
          nicolae_trove_entry_crossroad, nicolae_diode_stairs
D:13:     layout_loops_corners, hangedman_vaults_entry_quadrant_bands,
          serial_shops, nicolae_shop_behind_doors, nicolae_square_shop,
          kennysheep_little_box, shop, uniq_lodul
D:14:     minmay_triangles_in_corner, layout_rooms, cheibriados_altar_2,
          uniq_josephine
D:15:     grunt_enter_depths_hoard, layout_gridville,
          gammafunk_ghost_fury_of_okawaru, nicolae_two_hexagons, serial_glass,
          glass_columns_a, glass_columns_a, nicolae_titane, uniq_jorgrun
Temple:   hellmonk_temple_flake
Lair:1:   kb_forest_paths, layout_misc_corridors, grunt_forest_stairs_basic,
          uniq_grum, uniq_urug
Lair:2:   dreamdust_cave_troll, layout_chaotic_city, lemuel_fruit_tree
Lair:3:   dreamdust_labyrinth, layout_gridlike, elwin_shoals_entry_rooms,
          nicolae_spider_entry_tight_spaces, uniq_snorg
Lair:4:   layout_roguey, minivault_26
Lair:5:   layout_loops_ring, ebering_ghost_inner_flame, st_stairs_13
Lair:6:   guppyfry_lair_end_dragon, layout_cave_pods,
          minmay_slime_entry_jelly_boxes, nicolae_quartered_pool_impasse
Shoals:1: layout_shoals
Shoals:2: layout_shoals, ebering_ghost_davey_jones
Orc:1:    layout_caves
Orc:2:    grunt_orc_tribal_feast, layout_caves, basic_altar,
          ebering_ghost_reflecting_pool

Skill      XL: |  1  2  3  4  5  6  7  8  9 10 11 12 13 14 15 16 |
---------------+-------------------------------------------------+-----
Throwing       | 2 3 |  3.8
Dodging        | 1 5 6 7 8 9 |  9.0
Conjurations   | 1 2 7 |  7.0
Air Magic      | 1 2 |  2.3
Spellcasting   | 2 5 |  5.2
Short Blades   | 3 5 8 9 |  9.1
Invocations    | 7 9 11 12 | 12.4
Fighting       | 4 6 11 13 | 13.1
Transmutations | 11 12 13 | 13.7
Unarmed Combat | 8 9 |  9.1
Earth Magic    | 4 10 | 10.2
Stealth        | |  3.6

Action                   |  1- 3 |  4- 6 |  7- 9 | 10-12 | 13-15 | 16-18 || total
-------------------------+-------+-------+-------+-------+-------+-------++-------
Melee: Hand axe          |    49 |       |       |       |       |       ||    49
       Dagger            |    22 |   140 |    17 |       |       |       ||   179
       Headbutt          |     4 |    33 |    24 |   119 |   215 |    17 ||   412
       Punch             |     1 |       |     1 |    10 |    57 |     8 ||    77
       Short sword       |       |       |   131 |   382 |   190 |    28 ||   731
       Unarmed           |       |       |       |    97 |   563 |    43 ||   703
Throw: Dart              |     1 |     8 |     1 |     1 |       |       ||    11
 Cast: Static Discharge  |       |    20 |    12 |       |     5 |       ||    37
       Blade Hands       |       |       |       |    16 |    86 |     8 ||   110
       Petrify           |       |       |       |       |    19 |       ||    19
       Irradiate         |       |       |       |       |     9 |       ||     9
Invok: Recall Undead Har |       |       |     1 |       |     6 |       ||     7
       Dark Bargain      |       |       |       |    10 |    33 |     2 ||    45
       Drain Life        |       |       |       |       |     3 |       ||     3
       Bind Soul         |       |       |       |       |     1 |       ||     1
Evoke: Wand              |       |       |       |     2 |     9 |     1 ||    12
  Use: Potion            |     1 |       |     6 |     3 |     8 |     7 ||    25
       Scroll            |       |       |       |       |    32 |     7 ||    39
 Stab: Sleeping          |     1 |     7 |     1 |     5 |     6 |       ||    20
       Distracted        |       |     3 |     1 |     4 |    10 |     2 ||    20
       Petrified         |       |       |       |       |    15 |       ||    15
       Invisible         |       |       |       |       |     6 |       ||     6
       Paralysed         |       |       |       |       |     2 |     1 ||     3
       Confused          |       |       |       |       |     1 |       ||     1
       Petrifying        |       |       |       |       |     2 |       ||     2
Armor: Robe              |    18 |    35 |    16 |    15 |       |       ||    84
       Chain mail        |       |       |       |    28 |       |       ||    28
       Ring mail         |       |       |       |    26 |   225 |    27 ||   278
Dodge: Dodged            |    41 |    62 |    90 |   203 |   425 |    71 ||   892
Block: Other             |       |    58 |    32 |   149 |   295 |    28 ||   562
       Reflection        |       |     2 |     3 |     4 |     4 |       ||    13
       Orb               |       |       |    32 |    17 |       |       ||    49

Table legend: (Time is in decaauts)
 A = Elapsed time spent in this place.
 B = Non-inter-level travel time spent in this place.
 C = Inter-level travel time spent in this place.
 D = Time resting spent in this place.
 E = Time spent auto-exploring this place.
 F = Levels seen in this place.
 G = Mean time per level.
                   A        B        C        D        E       F      G
               +--------+--------+--------+--------+--------+-----+--------+
         Total |  29987 |  27997 |   1990 |   7573 |  13243 |  26 | 1153.3 |
       Dungeon |  17833 |  16891 |    942 |   4267 |   8489 |  15 | 1188.9 |
        Temple |     83 |     74 |      9 |     26 |     32 |   1 |   83.0 |
          Lair |   9240 |   8369 |    871 |   2316 |   3780 |   6 | 1540.0 |
        Shoals |    254 |    254 |      0 |     48 |      0 |   2 |  127.0 |
  Orcish Mines |   2575 |   2408 |    167 |    916 |    942 |   2 | 1287.5 |
               +--------+--------+--------+--------+--------+-----+--------+

Top non-repeatable levels by time:
  Lair:3: 2340 daAuts
    D:14: 1861 daAuts
     D:9: 1615 daAuts
  Lair:1: 1558 daAuts
    D:13: 1506 daAuts
  Lair:5: 1504 daAuts
     D:7: 1482 daAuts
    D:12: 1381 daAuts
  Lair:4: 1357 daAuts
   Orc:2: 1303 daAuts
     D:4: 1287 daAuts
   Orc:1: 1271 daAuts
    D:15: 1257 daAuts
  Lair:6: 1252 daAuts
  Lair:2: 1226 daAuts

Table legend:
 A = Kills in this place as a percentage of kills in entire the game.
 B = Kills by you in this place as a percentage of kills by you in the entire game.
 C = Kills by friends in this place as a percentage of kills by friends in the entire game.
 D = Other kills in this place as a percentage of other kills in the entire game.
 E = Experience gained in this place as a percentage of experience gained in the entire game.
 F = Experience gained in this place divided by the number of levels of this place that you have seen.
                   A       B       C       D       E      F
               +-------+-------+-------+-------+-------+----------------------
         Total | 100.0 | 100.0 | 100.0 | 100.0 | 100.0 | 6275.2
       Dungeon |  54.1 |  59.6 |  36.7 |  83.3 |  50.1 | 5453.1
          Lair |  27.6 |  25.0 |  36.7 |   4.2 |  35.6 | 9674.0
        Shoals |   1.5 |   1.3 |   1.9 |   0.0 |   3.2 | 2618.5
  Orcish Mines |  16.9 |  14.0 |  24.6 |  12.5 |  11.1 | 9039.0
               +-------+-------+-------+-------+-------+----------------------
